 Dungeon Crawl Stone Soup version 0.19-a0-1922-g1e9a4c1 (webtiles) character file.

53888 Promi the Destroyer (level 14, -4/129 HPs)
             Began as a Demigod Wizard on Oct 24, 2016.
             Slain by a seven-headed hydra (13 damage)
             ... on level 6 of the Lair of Beasts.
             The game lasted 02:50:31 (40763 turns).

Promi the Destroyer (Demigod Wizard)               Turns: 40763, Time: 02:50:33

Health: -4/129     AC:  9    Str: 10    XL:     14   Next: 0%
Magic:  15/32      EV: 17    Int: 28    God:
Gold:   1493       SH:  9    Dex: 14    Spells: 7 memorised, 16 levels left

rFire  + . .     SeeInvis .     H - +6 falchion
rCold  . . .     Gourm    +     I - +0 troll leather armour
rNeg   . . .     Faith    .     N - +0 buckler
rPois  .         Spirit   .     o - +0 hat
rElec  .         Reflect  .     (no cloak)
rCorr  .         Harm     .     x - +0 pair of gloves
MR     ++...                    u - +2 pair of boots
Stlth  +.........               O - amulet of the gourmand
                                v - ring of protection from magic
                                a - ring of protection from fire

@: about to teleport, mesmerised, very slightly contaminated
A: antennae 1, large bone plates 1, dopey 1, high mp 1, robust 1, evolution 1
a: no special abilities


You were on level 6 of the Lair of Beasts.
You were completely stuffed.

You visited 3 branches of the dungeon, and saw 19 of its levels.
You also visited: Sewer.

You collected 1493 gold pieces.

Inventory:

Hand Weapons
 F - a +0 rapier
 H - a +6 falchion (weapon)
Armour
 m - a +2 robe of fire resistance
 o - a +0 hat (worn)
 u - a +2 pair of boots (worn)
 x - a +0 pair of gloves (worn)
 G - a +2 shield
 I - a +0 troll leather armour (worn)
 N - a +0 buckler (worn)
 Z - a +0 helmet
Jewellery
 a - a ring of protection from fire (left hand)
 f - an uncursed ring of positive energy
 l - an uncursed ring of positive energy
 q - a +5 ring of dexterity {unknown}
 v - a ring of protection from magic (right hand)
 D - a +2 ring of evasion
 O - an amulet of the gourmand (around neck)
 S - an uncursed ring of protection from cold
 V - the amulet of Lugonu's Reproof {Spirit -Tele rElec MR+ Str+2}
   (You found it on level 3 of the Lair of Beasts)

   [amulet of guardian spirit]

   It causes incoming damage to be split between your health and magic.
   It affects your strength (+2).
   It insulates you from electricity.
   It affects your resistance to hostile enchantments.
   It prevents most forms of teleportation.
Wands
 b - a wand of enslavement (8/24)
 s - a wand of digging (6/24)
 K - a wand of teleportation (0/9)
 M - a wand of disintegration (16/24)
Scrolls
 p - 6 scrolls of identify
 A - 4 scrolls of remove curse
 L - 6 scrolls of amnesia
 Q - 2 scrolls of teleportation
 R - a scroll of fog
Potions
 e - 2 potions of cure mutation
 g - 5 potions of curing
 j - 3 potions of brilliance
 r - 2 potions of flight
 E - 6 potions of might
 Y - a potion of ambrosia
Books
 t - a book of Changes

   Spells                             Type                      Level
   a - Beastly Appendage              Transmutation                1
   b - Sticks to Snakes               Transmutation                2
   c - Spider Form                    Transmutation/Poison         3
   d - Ice Form                       Ice/Transmutation            4
   e - Blade Hands                    Transmutation                5
Comestibles
 c - 10 fruits
 d - 17 bread rations
 h - 8 meat rations
 i - 2 beef jerkies
 k - 7 slices of pizza
 J - 2 royal jellies


   Skills:
 - Level 9.1 Fighting
 - Level 1.3(4.5) Short Blades
 - Level 7.0(7.1) Long Blades
 - Level 7.0 Armour
 - Level 9.0 Dodging
 - Level 3.2 Stealth
 - Level 4.0 Shields
 + Level 9.7 Spellcasting
 + Level 10.1 Conjurations
 - Level 5.0 Summonings
 - Level 0.8 Translocations
 - Level 6.6 Ice Magic


You had 16 spell levels left.
You knew the following spells:

 Your Spells              Type           Power        Failure   Level  Hunger
a - Magic Dart            Conj           ####         1%          1    None
b - Blink                 Tloc           N/A          8%          2    None
c - Call Imp              Summ           #####...     1%          2    None
d - Repel Missiles        Chrm/Air       ##....       12%         2    None
e - Slow                  Hex            ##......     12%         2    None
f - Conjure Flame         Conj/Fire      #####...     1%          3    None
g - Throw Icicle          Conj/Ice       ######..     1%          4    None


Dungeon Overview and Level Annotations

Branches:
Dungeon (11/15)            Temple (0/1) D:5            Lair (6/6) D:9
 Shoals (0/4) Lair:4       Spider (0/4) Lair:4        Slime (0/5) Lair:6
    Orc (2/2) D:9             Elf (0/3) Orc:2

Shops:
D:8 *   Orc:1 ?   Orc:2 %%(*

Annotations:
D:10 xsansara's ghost, journeyman TrMo
Lair:5 Rupert


Innate Abilities, Weirdness & Mutations

You have an increased reservoir of magic. (+10% MP)
You have a pair of small antennae on your head.
You are partially covered in large bone plates. (SH +4)
You are dopey. (Int -2)
You are robust. (+10% HP)
You evolve.


Message History

The merfolk avatar is moderately wounded.
The seven-headed hydra seems to regain its courage.
Casting: Throw Icicle
Confirm with . or Enter, or press ? or * to list all spells.
Aiming: Throw Icicle
Press: ? - help, Shift-Dir - straight line, f/p - merfolk avatar
Aim: a merfolk avatar (moderately wounded, mesmerising)
The shard of ice misses the merfolk avatar.
The pull of its song draws you forwards.
You block the seven-headed hydra's attack.
The seven-headed hydra misses you.
The seven-headed hydra barely misses you.
The seven-headed hydra closely misses you.
The seven-headed hydra bites you!
* * * LOW HITPOINT WARNING * * *
You block the seven-headed hydra's attack.
The seven-headed hydra bites you but does no damage.
The merfolk avatar chants its luring song.
The seven-headed hydra bites you!
You die...

≈≈k≈≈ ≈≈(≈≈≈ ≈≈≈P≈≈≈........ m≈≈≈
![=≈≈ ≈≈≈#≈≈≈........ #≈≈≈ ≈≈≈≈
≈≈≈≈≈≈#......#. ≈ #≈≈≈#≈≈≈
≈≈≈≈P≈≈≈...##.. ≈ ≈≈≈≈≈≈
≈≈≈≈≈≈≈...##### #≈# ≈≈≈≈
8≈≈#≈##≈≈##
≈≈########.###########≈≈≈.≈≈#
≈≈≈≈≈≈≈≈≈≈≈h≈≈≈≈≈≈≈≈≈≈P≈P.### ≈≈
≈≈≈≈≈≈≈≈≈≈≈≈≈@Dm≈≈≈≈≈≈..######
#≈≈##≈≈##≈≈≈≈≈≈≈#≈≈≈#≈≈##...#.#.#
#≈≈##≈≈##≈≈##≈≈##≈≈≈≈≈≈##≈......#
.≈≈≈≈.≈≈D..≈...≈≈≈≈..≈≈≈§........
≈≈##≈...(..≈≈.##≈≈##.P##P........
#.....P..#.≈#.#########.........
##......P#.#.### ##P........
............### #P.........
..............## ###........


You could see a merfolk avatar, a seven-headed hydra and a polar bear (fleeing).

Vanquished Creatures
  7 hydras
  2 death yaks
  A centaur warrior (D:10)
  3 orc high priests (Orc:2)
  A hill giant (D:9)
  The ghost of Kirk the Spear-Bearer, a novice OpGl (D:7)
  5 orc knights (Orc:2)
  A manticore (Lair:4)
  3 orc sorcerers (Orc:2)
  A wolf spider (Lair:4)
  2 centaur zombies (D:10)
  6 elephants (Lair:6)
  8 black mambas
  14 spiny frogs
  9 komodo dragons
  2 rime drakes
  5 polar bears
  3 hornets (Lair:6)
  5 trolls
  A wind drake (Lair:6)
  15 blink frogs
  8 hippogriffs
  A two-headed ogre (D:8)
  3 fire bats (Lair:4)
  7 wyverns
  3 basilisks
  2 hogs (D:7)
  31 yaks
  A fire elemental (Lair:3)
  3 wargs
  9 swamp worms (Lair:6)
  A hungry ghost (D:7)
  The ghost of smajdalf the Zephyrmancer, an amateur TeAE (D:4)
  4 porcupines
  16 water moccasins
  19 orc warriors
  11 ogres
  6 wolves
  2 necrophages
  2 phantoms
  3 ice beasts
  2 centaurs
  15 crocodiles
  A big kobold (Sewer)
  13 bullfrogs
  A gnoll sergeant (D:9)
  A scorpion (D:8)
  A wyvern skeleton (D:7)
  6 killer bees (D:9)
  13 wights
  An electric eel (Lair:3)
  3 howler monkeys
  4 crimson imps
  2 quasits
  A lava snake (Lair:3)
  6 hounds
  15 orc priests
  A centaur skeleton (D:4)
  18 orc wizards
  2 bullfrog skeletons
  4 jellies
  6 iguanas
  6 worker ants
  Natasha (D:4)
  2 hell rats (Lair:1)
  A hound zombie (D:7)
  A hound skeleton (D:9)
  13 adders
  7 gnolls
  11 river rats
  2 oozes (Lair:6)
  An adder skeleton (D:4)
  11 worms
  A dart slug (D:1)
  3 leopard geckos
  59 orcs
  A ball python (D:4)
  7 giant cockroaches
  11 hobgoblins
  10 jackals
  8 kobolds
  9 quokkas
  4 bats
  6 frilled lizards
  6 goblins
  2 jackal skeletons
  A jackal zombie (D:5)
  A leopard gecko skeleton (D:4)
  2 quokka skeletons
  A quokka zombie (D:7)
  15 rats
  2 plants (Lair:6)
549 creatures vanquished.

Vanquished Creatures (collateral kills)
  An elephant (D:9)
  Prince Ribbit (D:8)
  Grinder (D:6)
  2 hogs (D:7)
  A hungry ghost (D:7)
  A human (D:7)
  A sky beast (D:4)
  4 ogres
  A centaur (D:5)
  A bullfrog (D:9)
  A gnoll sergeant (D:9)
  2 scorpions (D:6)
  A water moccasin zombie (D:5)
  4 wights
  4 howler monkeys
  An orc priest (D:8)
  2 hounds
  3 orc wizards
  Ijyb (D:3)
  Natasha (twice) (D:4)
  2 worker ants (D:5)
  3 gnolls
  4 river rats (Sewer)
  3 adders (D:3)
  A worm (D:3)
  A dart slug (D:4)
  4 orcs
  A giant cockroach (D:4)
  2 jackals (Sewer)
  A quokka (D:6)
  A ball python (D:4)
  2 frilled lizards
  3 kobolds (Sewer)
  A rat (Sewer)
64 creatures vanquished.

Vanquished Creatures (others)
  An orc wizard (Orc:2)
  An orc (Orc:2)
  20 fungi
  35 plants
57 creatures vanquished.

Grand Total: 670 creatures vanquished

Notes
Turn   | Place    | Note
-------+----------+-------------------------------------------
     0 | D:1      | Promi the Demigod Wizard began the quest for the Orb.
     0 | D:1      | Reached XP level 1. HP: 14/14 MP: 6/6
   130 | D:1      | Reached skill level 1 in Conjurations
   606 | D:1      | Reached XP level 2. HP: 20/22 MP: 2/8
   610 | D:1      | Learned a level 2 spell: Blink
   613 | D:1      | Learned a level 2 spell: Call Imp
   687 | D:1      | Reached skill level 1 in Summonings
  2190 | D:2      | Reached skill level 1 in Fighting
  2222 | D:2      | Reached XP level 3. HP: 28/28 MP: 5/9
  3467 | D:3      | Found an iron altar of Okawaru.
  3523 | D:3      | Noticed Ijyb
  3541 | D:3      | Killed Ijyb
  3541 | D:3      | Reached XP level 4. HP: 19/36 MP: 0/11
  3633 | D:3      | Found a radiant altar of Vehumet.
  3635 | D:3      | Found a stormy altar of Qazlal.
  3843 | D:3      | Gained mutation: You have a pair of small horns on your head. [potion of mutation]
  3843 | D:3      | Gained mutation: Your body sometimes deteriorates upon taking damage. [potion of mutation]
  3843 | D:3      | Gained mutation: You can translocate small distances at will. [potion of mutation]
  3858 | D:3      | Lost mutation: Your body sometimes deteriorates upon taking damage. [potion of cure mutation]
  3858 | D:3      | Lost mutation: You have a pair of small horns on your head. [potion of cure mutation]
  3858 | D:3      | Lost mutation: You can translocate small distances at will. [potion of cure mutation]
  3907 | D:3      | Reached skill level 2 in Conjurations
  4000 | D:2      | Reached XP level 5. HP: 16/41 MP: 2/12
  4330 | D:4      | Noticed smajdalf's ghost (amateur TeAE)
  4374 | D:4      | Killed smajdalf's ghost
  4439 | D:4      | Noticed Natasha
  4459 | D:4      | Noticed a phantom
  4570 | D:4      | Found a glowing drain.
  4593 | D:4      | Killed a phantom
  4593 | D:4      | Reached XP level 6. HP: 6/49 MP: 0/14
  4743 | Sewer    | Entered a sewer
  5138 | Sewer    | Found a white marble altar of Elyvilon.
  5184 | Sewer    | Learned a level 2 spell: Repel Missiles
  5187 | Sewer    | Learned a level 2 spell: Slow
  5191 | Sewer    | Learned a level 3 spell: Conjure Flame
  5246 | D:4      | Killed Natasha
  5271 | D:4      | Noticed Natasha
  5275 | D:4      | Killed Natasha
  5275 | D:4      | Reached skill level 1 in Armour
  5338 | D:4      | Noticed Natasha
  5373 | D:5      | Entered Level 5 of the Dungeon
  5626 | D:4      | Killed Natasha
  5993 | D:4      | Reached XP level 7. HP: 55/56 MP: 5/15
  8304 | D:5      | Reached skill level 5 in Armour
  8487 | D:5      | Got a bloodstained hand axe
  8488 | D:5      | Identified the +5 hand axe of Infection {holy, *Drain MR+ Stlth+} (You found it on level 5 of the Dungeon)
  8695 | D:5      | Found a staircase to the Ecumenical Temple.
  9177 | D:6      | Noticed Grinder
  9356 | D:6      | Reached skill level 3 in Conjurations
  9727 | D:3      | Reached XP level 8. HP: 48/62 MP: 9/17
  9927 | D:6      | Paralysed by Grinder for 2 turns
  9944 | D:6      | Killed Grinder
  9944 | D:6      | Reached skill level 1 in Short Blades
 10143 | D:6      | Got a twisted robe
 10144 | D:6      | Identified the +1 robe "Sivank" {Str+3 Dex+4} (You found it on level 6 of the Dungeon)
 10400 | D:6      | Reached skill level 1 in Long Blades
 10883 | D:7      | Noticed Kirk's ghost (novice OpGl)
 11642 | D:7      | Noticed a hippogriff
 11664 | D:7      | Killed a hippogriff
 11664 | D:7      | Reached XP level 9. HP: 11/72 MP: 14/19
 12262 | D:7      | Reached skill level 5 in Spellcasting
 12272 | D:7      | Found a bloodstained altar of Trog.
 12311 | D:7      | Killed Kirk's ghost
 12311 | D:7      | Reached skill level 5 in Summonings
 12646 | D:7      | Reached skill level 5 in Fighting
 12760 | D:7      | Reached skill level 5 in Dodging
 13888 | D:8      | Identified the Tome of Twisted Evil Rites
 14234 | D:8      | Found Zin's Purification Station.
 14301 | D:8      | Found a glowing silver altar of Zin.
 14368 | D:8      | Reached skill level 4 in Conjurations
 14537 | D:8      | Found a sparkling altar of Nemelex Xobeh.
 14544 | D:8      | Noticed Prince Ribbit
 14562 | D:8      | Killed Prince Ribbit
 14562 | D:8      | Reached XP level 10. HP: 63/83 MP: 16/22
 14808 | D:8      | Found a hide-covered altar of Uskayaw.
 14808 | D:8      | Found a white marble altar of Elyvilon.
 15020 | D:9      | Found a staircase to the Orcish Mines.
 15972 | D:9      | Identified a scroll of acquirement
 15979 | D:9      | Learned a level 4 spell: Throw Icicle
 16412 | D:9      | Reached skill level 1 in Ice Magic
 16438 | D:9      | Reached skill level 5 in Conjurations
 16768 | D:9      | Found a staircase to the Lair.
 17181 | D:9      | Noticed an elephant
 17194 | D:9      | Killed an elephant
 17476 | Lair:1   | Entered Level 1 of the Lair of Beasts
 17521 | D:10     | Entered Level 10 of the Dungeon
 17717 | D:10     | Noticed a hill giant
 18229 | D:10     | Reached skill level 5 in Ice Magic
 18243 | D:10     | Noticed xsansara's ghost (journeyman TrMo)
 18269 | D:10     | Noticed a centaur warrior
 18517 | D:11     | Noticed a hill giant
 18594 | D:10     | Killed a centaur warrior
 18967 | D:10     | Reached XP level 11. HP: 60/89 MP: 24/24
 19571 | D:10     | Noticed a four-headed hydra
 20103 | D:9      | Killed a hill giant
 20332 | Orc:1    | Entered Level 1 of the Orcish Mines
 20332 | Orc:1    | Found Omijuh's Magic Scroll Shoppe.
 20559 | Orc:2    | Entered Level 2 of the Orcish Mines
 21675 | Lair:1   | Reached skill level 6 in Conjurations
 22273 | Lair:1   | Noticed an eight-headed hydra
 23683 | Orc:1    | Found a roughly hewn altar of Beogh.
 23881 | Orc:1    | Noticed an orc knight
 25461 | Lair:2   | Reached skill level 7 in Conjurations
 25461 | Lair:2   | Reached XP level 12. HP: 100/100 MP: 8/26
 26308 | Lair:2   | Gained mutation: You are partially covered in large bone plates. (SH +4) [potion of beneficial mutation]
 27239 | Lair:3   | Got a twitching iron amulet
 28070 | Lair:4   | Identified the amulet of Lugonu's Reproof {Spirit -Tele rElec MR+ Str+2} (You found it on level 3 of the Lair of Beasts)
 28271 | Lair:4   | Found a staircase to the Shoals.
 28284 | Lair:4   | Reached skill level 8 in Conjurations
 28312 | Lair:4   | You fall through a shaft for 2 floors!
 28312 | Lair:6   | Entered Level 6 of the Lair of Beasts
 28544 | Lair:6   | Gained mutation: You evolve. [potion of beneficial mutation]
 29037 | Lair:4   | Noticed an eight-headed hydra
 29040 | Lair:4   | Found a hole to the Spider Nest.
 30405 | Lair:4   | Killed an eight-headed hydra
 30595 | Lair:4   | Gained mutation: You are robust. (+10% HP) [evolution]
 30918 | Lair:5   | Noticed a seven-headed hydra
 31009 | Lair:5   | Killed a seven-headed hydra
 31009 | Lair:5   | Reached skill level 5 in Long Blades
 31211 | Lair:5   | Noticed Rupert
 31240 | Lair:5   | Noticed an eight-headed hydra
 31823 | Lair:6   | Noticed an eight-headed hydra
 31833 | Lair:6   | Killed an eight-headed hydra
 31833 | Lair:6   | Reached XP level 13. HP: 95/118 MP: 8/29
 33192 | Lair:6   | Found a staircase to the Slime Pits.
 34804 | Orc:2    | Noticed an orc warlord
 35314 | Orc:1    | Gained mutation: You are dopey. (Int -2) [evolution]
 36863 | Orc:2    | Reached skill level 9 in Conjurations
 37026 | Orc:2    | Found Methoxig's Assorted Antiques.
 37026 | Orc:2    | Found Teuvy's Food Shoppe.
 37028 | Orc:2    | Found Yjui's Weapon Boutique.
 37028 | Orc:2    | Found Jeiniut's Food Shoppe.
 37230 | Orc:2    | Found a roughly hewn altar of Beogh.
 37238 | Orc:2    | Found a staircase to the Elven Halls.
 37277 | Orc:2    | Found a roughly hewn altar of Beogh.
 38762 | Lair:6   | Gained mutation: You have a pair of small antennae on your head. [evolution]
 39560 | Lair:6   | Noticed a dire elephant
 39583 | Lair:6   | HP: 5/122 [dire elephant (28)]
 40076 | Lair:5   | Reached skill level 10 in Conjurations
 40627 | Lair:6   | Reached XP level 14. HP: 129/129 MP: 11/32
 40763 | Lair:6   | Slain by a seven-headed hydra

Vault maps used:
D:1:      scummos_arrival_hexagon
D:3:      okawaru_metal_pillars_1_2, minitemple, first_bread,
          saegor_snake_ambush, uniq_iyjb
D:4:      portal_sewer_entry_e, uniq_natasha
D:6:      uniq_grinder
D:7:      bloody_trog, grunt_livestock
D:8:      gammafunk_temple_overflow_elements, nemelex_xobeh_ov_fountains_minmay,
          zin_purify, uniq_prince_ribbit1
D:9:      david_lair_generic, erik_orc_3, nicolae_underground_beach
Lair:1:   kennysheep_rathole, small_statue_intersection, beast_lair_carwin_7,
          lemuel_fruit_fields
Lair:2:   st_stairs_8, beast_lair_carwin_5, lemuel_fruit_tree,
          infiniplex_staircase_pool
Lair:4:   minmay_shoals_entry_beasts, spider_nest_entry_rubble,
          nicolae_volcano_entry_batcave, st_stairs_8
Lair:5:   uniq_rupert
Lair:6:   gammafunk_lair_ancient_temple, nicolae_slime_entry_slimehenge,
          minivault_24, worms_lemuel
Orc:1:    basic_altar, serial_shops, shop
Orc:2:    grunt_orc_tribal_feast, hangedman_feature_mirror
Sewer:    sewer_kobolds

Skill      XL: |  1  2  3  4  5  6  7  8  9 10 11 12 13 |
---------------+----------------------------------------+-----
Conjurations   | 1 2 3 4 5 7 8 10 | 10.1
Stealth        | 2 3 |  3.2
Summonings     | 1 2 4 5 |  5.0
Fighting       | 1 2 4 5 6 7 8 9 |  9.1
Dodging        | 2 3 4 5 7 8 9 |  9.0
Spellcasting   | 3 4 5 6 7 8 9 |  9.7
Armour         | 3 5 7 |  7.0
Short Blades   | 1 |  1.3
Long Blades    | 2 4 5 7 |  7.0
Ice Magic      | 5 6 |  6.6
Shields        | 3 4 |  4.0
Translocations | |  0.8

Action                   |  1- 3 |  4- 6 |  7- 9 | 10-12 | 13-15 || total
-------------------------+-------+-------+-------+-------+-------++-------
Melee: Dagger            |    26 |    77 |    61 |       |       ||   164
       Falchion          |       |       |   295 |   678 |   260 ||  1233
 Cast: Magic Dart        |   139 |    93 |   200 |   181 |    46 ||   659
       Call Imp          |     6 |    39 |    82 |    51 |     1 ||   179
       Repel Missiles    |       |     1 |       |     2 |       ||     3
       Conjure Flame     |       |       |     6 |     6 |       ||    12
       Throw Icicle      |       |       |       |   306 |   317 ||   623
       Blink             |       |       |       |    13 |     9 ||    22
       Slow              |       |       |       |     1 |       ||     1
 Abil: Blink             |       |     1 |       |       |       ||     1
Evoke: Wand              |       |       |       |    11 |     2 ||    13
  Use: Scroll            |       |     9 |    16 |    20 |     4 ||    49
       Potion            |       |     8 |     2 |     4 |     5 ||    19
 Stab: Distracted        |       |     2 |       |     1 |       ||     3
       Invisible         |       |     1 |       |       |       ||     1
       Sleeping          |       |       |     6 |     3 |       ||     9
  Eat: Chunk             |     8 |     7 |    25 |    67 |    29 ||   136
       Fruit             |       |     2 |     2 |       |       ||     4
       Beef jerky        |       |       |     1 |       |       ||     1
       Pizza             |       |       |     1 |       |       ||     1
       Bread ration      |       |       |       |     2 |       ||     2
Armor: Leather armour    |     6 |    40 |     1 |       |       ||    47
       Ring mail         |       |       |    27 |       |       ||    27
       Robe              |       |       |    65 |   115 |     3 ||   183
       Troll leather arm |       |       |       |       |    66 ||    66
Dodge: Dodged            |    43 |    97 |   336 |   623 |   233 ||  1332
       Deflected         |       |     1 |     2 |     3 |       ||     6
Block: Buckler           |       |       |       |   166 |   166 ||   332
       Rpst.: Falchion   |       |       |    77 |   195 |    56 ||   328
